 Dungeon Crawl Stone Soup version 0.18-a0-1273-g8ec5f8e (webtiles) character file.

273 4thArraOfDagon the Cudgeler (level 6, -7/66 HPs)
             Began as an Ogre Hunter on Feb 7, 2016.
             Mangled by a giant frog (9 damage)
             ... on level 6 of the Dungeon.
             The game lasted 00:02:51 (362 turns).

4thArraOfDagon the Cudgeler (Ogre Hunter)            Turns: 362, Time: 00:02:51

Health: -7/66      AC:  3    Str: 20    XL:     6   Next: 24%
Magic:  6/6        EV: 10    Int: 15    God:
Gold:   48         SH:  0    Dex: 10    Spells: 0 memorised, 5 levels left

rFire  . . .     SeeInvis .     g - +1 dagger (venom)
rCold  . . .     Gourm    .     b - +0 robe
rNeg   . . .     Faith    .     (no shield)
rPois  .         Spirit   .     (helmet restricted)
rElec  .         Dismiss  .     (no cloak)
rCorr  .         Reflect  .     (gloves unavailable)
SustAt .         Harm     .     (boots unavailable)
MR     .....                    (no amulet)
Stlth  +.........               (no ring)
                                (no ring)

@: brilliant, not resistant to hostile enchantments, very unstealthy
A: unfitting armour, tough skin 1
a: no special abilities


You were on level 6 of the Dungeon.
You were not hungry.

You visited 1 branch of the dungeon, and saw 6 of its levels.

You collected 48 gold pieces.

Inventory:

Hand Weapons
 a - a +0 club
 g - a +1 dagger of venom (weapon)
 j - a cursed -3 giant spiked club
Armour
 b - a +0 robe (worn)
Scrolls
 h - a scroll of remove curse {unknown}
Comestibles
 f - a bread ration
 i - a mutagenic chunk of flesh


   Skills:
 - Level 5.2 Fighting
 * Level 6.4 Maces & Flails
 - Level 4.0 Throwing
 - Level 1.7 Dodging
 - Level 0.7 Stealth


You had 5 spell levels left.
You didn't know any spells.

Dungeon Overview and Level Annotations

Branches:
Dungeon (6/15)
 Temple: D:4-7

Altars:
Kikubaaqudgha


Innate Abilities, Weirdness & Mutations

You are too large for most types of armour.
You have tough skin (AC +1).


Message History

The giant frog is heavily wounded.
The giant frog struggles against the net.
You hit the giant frog.
The giant frog looks even sicker.
The giant frog is heavily wounded.
The giant frog struggles against the net.
The net rips apart, and the giant frog comes free!
The giant frog hits you.
* * * LOW HITPOINT WARNING * * *
You barely miss the giant frog.
The giant frog is severely wounded.
The giant frog hits you!
* * * LOW HITPOINT WARNING * * *
Unknown command.
Unknown command.
You barely miss the giant frog.
The giant frog is almost dead.
The giant frog hits you.
* * * LOW HITPOINT WARNING * * *
The giant frog hits you!
You die...

#####
+@Fo#
###.#
.(#.#
#F#.#
#(#.#
#o#.#
.###.#.#.#
..$..>.)<#
#####..#.#


You could see a giant frog and an orc.

Vanquished Creatures
  A sky beast (D:5)
  A centaur (D:5)
  An iguana (D:4)
  2 orc wizards (D:6)
  An adder (D:4)
  An orc (D:6)
  3 goblins (D:1)
  A hobgoblin (D:2)
  3 jackals (D:1)
  A giant newt (D:2)
  A rat (D:2)
16 creatures vanquished.

Notes
Turn   | Place    | Note
--------------------------------------------------------------
     0 | D:1      | 4thArraOfDagon the Ogre Hunter began the quest for the Orb.
     0 | D:1      | Reached XP level 1. HP: 22/22 MP: 1/1
    75 | D:1      | Reached XP level 2. HP: 31/31 MP: 2/2
   153 | D:4      | Reached XP level 3. HP: 39/41 MP: 3/3
   164 | D:4      | Reached skill level 5 in Fighting
   225 | D:5      | Entered Level 5 of the Dungeon
   225 | D:5      | Noticed a centaur
   228 | D:5      | Killed a centaur
   228 | D:5      | Reached XP level 4. HP: 50/50 MP: 4/4
   228 | D:5      | Reached XP level 5. HP: 57/57 MP: 5/5
   241 | D:5      | Found an ancient bone altar of Kikubaaqudgha.
   253 | D:5      | Noticed a sky beast
   254 | D:5      | Killed a sky beast
   254 | D:5      | Reached skill level 5 in Maces & Flails
   327 | D:6      | Reached skill level 6 in Maces & Flails
   327 | D:6      | Reached XP level 6. HP: 52/66 MP: 6/6
   362 | D:6      | HP: 2/66 [giant frog (5)]
   362 | D:6      | Mangled by a giant frog

Vault maps used:
D:1:      co_arrival_square_in_a_square_in_a_square
D:2:      first_bread, minivault_14, uniq_natasha
D:3:      gammafunk_temple_overflow_wave
D:4:      kennysheep_goblin_castle
D:5:      kiku_gazebo_garden_becter, basic_altar, st_stairs_3
D:6:      serial_shops, shop

Action                   |  1- 3 |  4- 6 || total
-------------------------+-------+-------++-------
Melee: Short sword       |     2 |       ||     2
       Dagger            |    13 |    26 ||    39
Throw: Large rock        |    14 |     5 ||    19
       Throwing net      |     3 |     1 ||     4
  Use: Potion            |       |     2 ||     2
